 Dungeon Crawl Stone Soup version 0.29-a0-919-gd064cfad1c (webtiles) character file.

Game seed: 1791964662225952955

126 Hubjo the Insei (level 4, 0/35 HPs)
             Began as a Demonspawn Transmuter on July 26, 2022.
             Slain by Pikel
             ... wielding a +0 whip of flaming
              (8 damage)
             ... on level 3 of the Dungeon.
             The game lasted 00:05:40 (4358 turns).

Hubjo the Insei (Demonspawn Transmuter)             Turns: 4358, Time: 00:05:41

Health: 0/35       AC:  3    Str:  7 (9)  XL:     4   Next: 83%
Magic:  8/8        EV: 12    Int: 15      God:
Gold:   234        SH:  0    Dex: 16 (18) Spells: 7/8 levels left

rFire   . . .      SeeInvis +     - Unarmed
rCold   + . .      Faith    .   (no shield)
rNeg    . . .      Spirit   .   a - +0 robe
rPois   .          Reflect  .   (no helmet)
rElec   +          Harm     .   (no cloak)
rCorr   .          Rampage  .   (no gloves)
Will    .....                   (no boots)
Stlth   +.........              (no amulet)
HPRegen 0.11/turn               d - ring of protection from cold
MPRegen 0.11/turn               (no ring)

@: mighty
A: rugged brown scales 1, condensation shield, see invisible, agile 1,
deterioration 1, electricity resistance
a: no special abilities


You were on level 3 of the Dungeon.
You visited 1 branch of the dungeon, and saw 4 of its levels.

You collected 234 gold pieces.

Inventory:

Armour
 a - a +0 robe (worn)
Jewellery
 d - a ring of protection from cold (left hand)
 m - a ring of protection from cold
Scrolls
 c - 2 scrolls of blinking
 e - a scroll of amnesia
 i - a scroll of vulnerability {unknown}
 j - a scroll of poison {unknown}
 k - a scroll of teleportation {unknown}
 l - a scroll of summoning {unknown}
 o - a scroll of enchant weapon {unknown}
Potions
 b - a potion of curing
 f - 2 potions of haste {unknown}
 g - a potion of might
 h - a potion of heal wounds
 q - a potion of resistance {unknown}


   Skills:
 + Level 2.5 Fighting
 - Level 1.7 Dodging
 + Level 3.2 Unarmed Combat
 + Level 2.7 Spellcasting
 * Level 3.0 Transmutations


You had 7 spell levels left.
You knew the following spells:

 Your Spells              Type           Power      Damage    Failure   Level
a - Beastly Appendage     Tmut           22%        N/A       6%          1

Your spell library contained the following spells:

 Spells                   Type           Power      Damage    Failure   Level
 Wereblood                Tmut           11%        N/A       9%          2
 Foxfire                  Conj/Fire      8%         2x1d4     21%         1
 Sublimation of Blood     Necr           2%         N/A       30%         2
 Spider Form              Tmut/Pois      6%         N/A       32%         3
 Conjure Flame            Conj/Fire      2%         6-21      52%         3
 Inner Flame              Hex/Fire       2%         N/A       52%         3
 Ice Form                 Ice/Tmut       6%         N/A       73%         4
 Petrify                  Tmut/Erth      6%         N/A       73%         4
 Cause Fear               Hex            1%         N/A       90%         4
 Flame Wave               Conj/Fire      2%         2d4       90%         4
 Irradiate                Conj/Tmut      3%         3d12      97%         5
 Dragon Form              Tmut           5%         N/A       100%        7
 Dragon's Call            Summ           1%         N/A       100%        9


Dungeon Overview and Level Annotations

Branches:
Dungeon (4/15)
 Temple: D:4-7

Altars:

Annotations:
D:3 Pikel


Innate Abilities, Weirdness & Mutations

You are partially covered in rugged brown scales. (AC +1, +3% HP)
A meltable shield of frost defends you. (SH +0)
You have supernaturally acute eyesight. (SInv)
You are agile. (Dex +4, Str/Int -1)
Your body sometimes deteriorates upon taking damage.
You are resistant to electric shocks. (rElec)


Message History

A goblin comes into view. It is wielding a +0 club.
Pikel hits you with a +0 whip of flaming.
Pikel burns you.
There is a stone staircase leading up, spattered with blood here.
Your transformation is almost over.
Pikel hits you with a +0 whip of flaming!
Your body deteriorates!
You feel clumsy. Pikel burns you.
You climb upwards.
There is a stone staircase leading down, spattered with blood here.
You feel very mighty all of a sudden. Pikel barely misses you.
You barely miss Pikel. You headbutt Pikel, but do no damage.
Pikel hits you with a +0 whip of flaming!
* * * LOW HITPOINT WARNING * * *
Pikel burns you.
* * * LOW HITPOINT WARNING * * *
You barely miss Pikel. You claw Pikel. You punch Pikel.
Pikel is moderately wounded.
Pikel hits you with a +0 whip of flaming.
* * * LOW HITPOINT WARNING * * *
Pikel burns you.
* * * LOW HITPOINT WARNING * * *
You feel much better. Pikel barely misses you. Pikel closely misses you.
You barely miss Pikel. Your headbutt misses Pikel.
Pikel is moderately wounded.
Pikel hits you with a +0 whip of flaming.
Pikel burns you.
You barely miss Pikel.
Pikel is moderately wounded.
Your horns disappear.
Your talons disappear.
Pikel hits you with a +0 whip of flaming!
* * * LOW HITPOINT WARNING * * *
Pikel burns you.
* * * LOW HITPOINT WARNING * * *
You miss Pikel.
Pikel is moderately wounded.
Pikel hits you with a +0 whip of flaming!
You die...

..........#..##.......#.#####....
..........#..##..####.#..........
..........##.##..####.#..........
..........##..#....##.#..........
..........##..#..#.##.#..........
..........##.....#.##.#..........
..........##.#...#.##.###########
..........##.#..K#..#.#
.........###.#.>@#..#.#
#####............#..#.#
###########..#.##.# #.....#....#
#.##.########### #.##...........#
#.############.# #.........# #.#
#########.# #.#


You could see Pikel.

Vanquished Creatures
  2 lemures
  2 orc priests (D:3)
  2 adders
  A dart slug (D:3)
  4 orcs
  4 endoplasms
  2 giant cockroaches
  7 goblins
  6 hobgoblins
  3 ball pythons (D:1)
  5 bats
  2 frilled lizards
  4 kobolds
  3 rats
47 creatures vanquished.

Notes
Turn   | Place    | Note
-------+----------+-------------------------------------------
     0 | D:1      | Hubjo the Demonspawn Transmuter began the quest for the
                  | Orb.
     0 | D:1      | Reached XP level 1. HP: 15/15 MP: 3/3
   664 | D:1      | Gained mutation: You are partially covered in rugged brown
                  | scales. (AC +1, +3% HP) [demonic ancestry]
   664 | D:1      | Reached XP level 2. HP: 15/21 MP: 3/5
  1554 | D:2      | Reached XP level 3. HP: 27/27 MP: 4/6
  2406 | D:3      | Gained mutation: You are resistant to electric shocks.
                  | (rElec) [potion of mutation]
  2406 | D:3      | Gained mutation: You are agile. (Dex +4, Str/Int -1)
                  | [potion of mutation]
  2406 | D:3      | Gained mutation: Your body sometimes deteriorates upon
                  | taking damage. [potion of mutation]
  2406 | D:3      | Gained mutation: You have supernaturally acute eyesight.
                  | (SInv) [potion of mutation]
  2416 | D:3      | Gained mutation: A meltable shield of frost defends you.
                  | (SH +0) [demonic ancestry]
  2416 | D:3      | Reached XP level 4. HP: 21/33 MP: 5/7
  3635 | D:4      | Noticed a lemure
  3637 | D:4      | Noticed a lemure
  3669 | D:3      | Killed a lemure
  4078 | D:4      | Killed a lemure
  4341 | D:4      | Noticed Pikel
  4344 | D:4      | Noticed a lemure
  4344 | D:4      | Noticed a lemure
  4358 | D:3      | Slain by Pikel

Illustrated notes

Levels and vault maps discovered:
D:1:      ncdulo_lavacross, layout_loops_ring
D:2:      layout_basic, nicolae_concentric_dashed_squares_mild,
          hex_intersection, guppyfry_early_orc_mine
D:3:      layout_basic, kennysheep_orc_chapel
D:4:      layout_cave_pools, lightli_temple_of_fire, serial_shops, shop,
          minmay_misc_feat_rugged, uniq_pikel, uniq_natasha

Skill      XL: |  1  2  3  4 |
---------------+-------------+-----
Transmutations | 2 3 |  3.0
Fighting       | 2 |  2.5
Unarmed Combat | 3 |  3.2
Dodging        | |  1.7
Spellcasting   | |  2.7

Action                   |  1- 3 |  4- 6 || total
-------------------------+-------+-------++-------
Melee: Unarmed           |   100 |    75 ||   175
       Kick              |    22 |    14 ||    36
       Headbutt          |    11 |    12 ||    23
       Punch             |     1 |     2 ||     3
 Cast: Beastly Appendage |    30 |    13 ||    43
  Use: Potion            |     7 |     2 ||     9
       Scroll            |     2 |       ||     2
Armor: Robe              |    23 |    19 ||    42
       Skin              |     1 |       ||     1
Dodge: Dodged            |    57 |    43 ||   100
Block: Other             |       |     7 ||     7

Table legend: (Time is in decaauts)
 A = Elapsed time spent in this place.
 B = Non-inter-level travel time spent in this place.
 C = Inter-level travel time spent in this place.
 D = Time resting spent in this place.
 E = Time spent auto-exploring this place.
 F = Levels seen in this place.
 G = Mean time per level.
                   A        B        C        D        E       F      G
               +--------+--------+--------+--------+--------+-----+--------+
         Total |   4349 |   4301 |     48 |   1010 |   2811 |   4 | 1087.2 |
       Dungeon |   4349 |   4301 |     48 |   1010 |   2811 |   4 | 1087.2 |
               +--------+--------+--------+--------+--------+-----+--------+

Top non-repeatable levels by time:
     D:3: 1685 daAuts
     D:2: 1172 daAuts
     D:1: 1140 daAuts
     D:4: 350 daAuts
